 Dungeon Sprint DCSS version 0.28-a0-1395-g4f6bc678fa (webtiles) character file.

Game seed: 1089040071969789164

1160 rocky1 the Carver (level 8, 0/59 HPs)
             Began as a Djinni Fighter on Dec 28, 2021.
             Was a High Priest of Makhleb.
             Slain by a shadow wraith (15 damage)
             ... in the Dungeon (Sprint VII: "The Pits") on Jan 5, 2022.
             The game lasted 00:07:02 (1571 turns).

rocky1 the Carver (Djinni Fighter)                  Turns: 1571, Time: 00:07:02

Health: 0/59       AC:  7    Str: 15    XL:     8   Next: 66%
Gold:   0          EV: 11    Int: 12    God:    Makhleb [*****.] SH:  5 Dex: 13

rFire   + + .      SeeInvis .   g - +2 long sword (holy)
rCold   x . .      Faith    .   c - +0 buckler
rNeg    . . .      Spirit   .   b - +0 scale mail
rPois   ∞          Reflect  .   (no helmet)
rElec   .          Harm     .   (no cloak)
rCorr   .          Rampage  .   (no gloves)
Will    .....      NoTele   +   (boots unavailable)
Stlth   ..........              (no amulet)
HPRegen 0.19/turn               (no ring)
MPRegen 0.00/turn               (no ring)

@: weakened, flying, slowed, very slow
A: sickness immunity, fire resistance 2, cold vulnerability 1, float, innate
caster, hp casting, extra vitality 1
a: Renounce Religion, Minor Destruction, Lesser Servant of Makhleb, Major
Destruction, Greater Servant of Makhleb


You were in the Dungeon.
You worshipped Makhleb.
Makhleb was extremely pleased with you.
You visited 1 branch

Inventory:

Hand Weapons
 a - a +0 long sword
 d - a +2 hand axe of freezing
 g - a +2 long sword of holy wrath (weapon)
Armour
 b - a +0 scale mail (worn)
 c - a +0 buckler (worn)
Scrolls
 i - a scroll of blinking
 k - a scroll of summoning
Potions
 e - 6 potions of curing
 f - 4 potions of heal wounds
 h - 2 potions of berserk rage
 j - 2 potions of invisibility


   Skills:
 + Level 5.3 Fighting
 + Level 12.2 Long Blades
 + Level 5.3 Armour
 + Level 4.6 Dodging
 + Level 4.6 Shields
 + Level 0.0 Spellcasting
 + Level 8.9 Invocations


You had 2 spell levels left.
You knew the following spells:

 Your Spells              Type           Power      Damage    Failure   Level
a - Shock                 Conj/Air       0%         1d3       75%         1
b - Wereblood             Tmut           0%         N/A       87%         2
c - Corpse Rot            Necr/Air       0%         N/A       87%         2
Your spell library was empty.

Dungeon Overview and Level Annotations

Branches:
Dungeon (1/1)

Altars:
Ashenzari
Cheibriados
Dithmenos
Elyvilon
Fedhas
Gozag
Hepliaklqana
Kikubaaqudgha
Makhleb
Nemelex Xobeh
Okawaru
Qazlal
Ru
Sif Muna
Trog
Uskayaw
Vehumet
Wu Jian
Xom
Yredelemnul
Zin
The Shining One
Beogh
Jiyva
Lugonu


Innate Abilities, Weirdness & Mutations

You are immune to sickness and miasma.
You are immune to poison.
Your flesh is very heat resistant. (rF++)
You are vulnerable to cold. (rC-)
You float through the air rather than walking.
You learn spells naturally, not from books.
Your magical power is your life essence.
You have superior vitality. (+4 MHP)


Message History

You kill the hobgoblin!
Makhleb accepts your kill.
The bolt of negative energy hits the orange demon.
The orange demon completely resists.
Something hits you!
Deactivating autopickup; reactivate with Ctrl-A.
The orange demon stings you! The orange demon misses you.
There is a broken door here.
You slash the orange demon!
The orange demon convulses.
The orange demon is moderately wounded.
Something hits you!!
* * * LOW HITPOINT WARNING * * *
The orange demon stings you.
* * * LOW HITPOINT WARNING * * *
The orange demon hits you.
* * * LOW HITPOINT WARNING * * *
You feel your attacks grow feeble.
You feel much better. Something hits you! You block the orange demon's attack.
The orange demon misses you.
You hit the orange demon.
The orange demon convulses.
The orange demon is moderately wounded.
Something hits you!
* * * LOW HITPOINT WARNING * * *
The orange demon closely misses you. The orange demon hits you.
* * * LOW HITPOINT WARNING * * *
Unknown command.
You feel much better. Something hits you. Something drains your vigour!
You feel yourself slow down. The orange demon closely misses you.
The orange demon hits you but does no damage.
The orange demon stings you but does no damage.
You block something's attack.
You barely miss something. You block the orange demon's attack.
Something hits you!!
* * * LOW HITPOINT WARNING * * *
Something drains your vigour!
You feel as though you will be slow longer.
You hit something but do no damage.
The orange demon stings you but does no damage.
Something hits you!
You die...

#.##'#.....##...<...#
#.#........##.......#
#.#........##.......#
#'###########.......#
#.......#.. #########
#...#...#.######
#...#...#.#....#
#.##.##.#÷#....#
#...#...#@{4...+
#...#...#)#....#
#.......'.#....#
################


You could see an orange demon.

Vanquished Creatures
  An orc high priest (D)
  A water moccasin (D)
  A floating eye (D)
  An orc warrior (D)
  A black bear (D)
  A wolf (D)
  A bullfrog (D)
  An orc priest (D)
  A gnoll (D)
  2 ufetubi (D)
  5 orcs (D)
  A bat zombie (D)
  An endoplasm (D)
  2 goblins (D)
  2 hobgoblins (D)
  A ball python (D)
  A ball python zombie (D)
  A bat (D)
  A kobold (D)
26 creatures vanquished.

Notes
Turn   | Place    | Note
-------+----------+-------------------------------------------
     0 | D        | rocky1 the Djinni Fighter began the quest for the Orb.
     0 | D        | Reached XP level 1. HP: 20/20 MP: 0/0
    23 | D        | Reached skill level 2 in Long Blades
    68 | D        | Found a bloodstained altar of Trog.
    68 | D        | Found a viscous altar of Jiyva.
    68 | D        | Found a hazy altar of Hepliaklqana.
    68 | D        | Found an opulent altar of Gozag.
    69 | D        | Found a glowing golden altar of the Shining One.
    69 | D        | Found a glowing silver altar of Zin.
    69 | D        | Found a basalt altar of Yredelemnul.
    69 | D        | Found a shimmering altar of Xom.
    69 | D        | Found an ornate altar of the Wu Jian Council.
    69 | D        | Found a sacrificial altar of Ru.
    69 | D        | Found a stormy altar of Qazlal.
    69 | D        | Found an iron altar of Okawaru.
    69 | D        | Found a sparkling altar of Nemelex Xobeh.
    69 | D        | Found a burning altar of Makhleb.
    69 | D        | Found a blossoming altar of Fedhas.
    69 | D        | Found a white marble altar of Elyvilon.
    69 | D        | Found a shadowy altar of Dithmenos.
    69 | D        | Found a snail-covered altar of Cheibriados.
    72 | D        | Found a corrupted altar of Lugonu.
    73 | D        | Found a hide-covered altar of Uskayaw.
    73 | D        | Found a broken altar of Ashenzari.
    79 | D        | Became a worshipper of Makhleb the Destroyer
    97 | D        | Reached XP level 2. HP: 25/25 MP: 0/0
   103 | D        | Reached skill level 3 in Long Blades
   109 | D        | Reached * piety under Makhleb
   120 | D        | Noticed an orc warrior
   132 | D        | Reached ** piety under Makhleb
   136 | D        | Killed an orc warrior
   137 | D        | Reached skill level 8 in Long Blades
   137 | D        | Reached XP level 3. HP: 20/30 MP: 0/0
   137 | D        | Learned a level 1 spell: Shock
   137 | D        | Reached XP level 4. HP: 24/35 MP: 0/0
   137 | D        | Reached XP level 5. HP: 27/40 MP: 0/0
   137 | D        | Learned a level 2 spell: Wereblood
   147 | D        | Reached *** piety under Makhleb
   151 | D        | Reached skill level 9 in Long Blades
   585 | D        | Noticed a wolf
   585 | D        | Noticed a floating eye
   596 | D        | Killed a wolf
   596 | D        | Reached **** piety under Makhleb
   597 | D        | Reached XP level 6. HP: 47/47 MP: 0/0
   600 | D        | Paralysed by a floating eye for 2 turns
   606 | D        | Killed a floating eye
   870 | D        | Reached skill level 10 in Long Blades
   870 | D        | Reached XP level 7. HP: 49/53 MP: 0/0
   870 | D        | Learned a level 2 spell: Corpse Rot
   870 | D        | Upgraded the game from 0.28-a0-1312-g71652a0310 to
                  | 0.28-a0-1395-g4f6bc678fa
   889 | D        | Noticed an orc high priest
   899 | D        | Killed an orc high priest
   899 | D        | Reached ***** piety under Makhleb
   900 | D        | Reached skill level 12 in Long Blades
   900 | D        | Reached XP level 8. HP: 43/58 MP: 0/0
  1287 | D        | Reached skill level 5 in Fighting
  1287 | D        | Reached skill level 5 in Armour
  1561 | D        | Noticed an orange demon
  1571 | D        | Slain by a shadow wraith

Illustrated notes

Levels and vault maps discovered:
D:        pitsprint [storerooms_1, entrance_room_1, metal_vault_2, armoury_2,
          mini_pit_1, grid_room_1, main_hall_1, silver_pit, the_coven_1,
          the_vestibule_1, steel_vault_3, golden_pit, hallway_of_sentries,
          crystal_vault_6, iron_vault_1, final_vault]

Skill      XL: |  1  2  3  4  5  6  7  8 |
---------------+-------------------------+-----
Long Blades    | 2 8 9 10 12 | 12.2
Shields        | 4 |  4.6
Fighting       | 4 5 |  5.3
Armour         | 4 5 |  5.3
Dodging        | 2 4 |  4.6
Invocations    | 2 4 8 |  8.9

Action                   |  1- 3 |  4- 6 |  7- 9 || total
-------------------------+-------+-------+-------++-------
Melee: Long sword        |    23 |    32 |    28 ||    83
Invok: Major Destruction |       |       |     2 ||     2
  Use: Potion            |     2 |     1 |     2 ||     5
Armor: Scale mail        |    10 |     8 |     7 ||    25
Dodge: Dodged            |    13 |    10 |    12 ||    35
Block: Buckler           |     6 |     3 |     7 ||    16

Table legend: (Time is in decaauts)
 A = Elapsed time spent in this place.
 B = Non-inter-level travel time spent in this place.
 C = Inter-level travel time spent in this place.
 D = Time resting spent in this place.
 E = Time spent auto-exploring this place.
 F = Levels seen in this place.
 G = Mean time per level.
                   A        B        C        D        E       F      G
               +--------+--------+--------+--------+--------+-----+--------+
         Total |   1561 |   1561 |      0 |   1248 |      0 |   1 | 1561.0 |
       Dungeon |   1561 |   1561 |      0 |   1248 |      0 |   1 | 1561.0 |
               +--------+--------+--------+--------+--------+-----+--------+

Top non-repeatable levels by time:
       D: 1561 daAuts
